 Dungeon Crawl Stone Soup version 0.30-a0-1075-gcd70e7a56d (webtiles) character file.

Game seed: 15044188849376720520

21 hwolsky the Covered (level 2, -1/27 HPs)
             Began as a Minotaur Fighter on Apr 14, 2023.
             Frozen to death by an endoplasm (5 damage)
             ... on level 1 of the Dungeon.
             The game lasted 00:01:07 (463 turns).

hwolsky the Covered (Minotaur Fighter)               Turns: 463, Time: 00:01:08

Health: -1/27      AC:  7    Str: 20    XL:     2   Next: 65%
Magic:  1/1        EV:  9    Int:  5    God:
Gold:   24         SH:  4    Dex:  9    Spells: 1/1 levels left

rFire   . . .      SeeInvis .    a - +0 long sword
rCold   . . .      Faith    .    c - +0 buckler
rNeg    . . .      Spirit   .    b - +0 scale mail
rPois   .          Reflect  .    (helmet restricted)
rElec   .          Rampage  .    (no cloak)
rCorr   .                        (no gloves)
Will    .....                    (no boots) Stlth
                                 (no amulet)
HPRegen 0.24/turn                (no ring)
MPRegen 0.07/turn                (no ring)

@: no status effects
A: horns 2, retaliatory headbutt
a: no special abilities


You were on level 1 of the Dungeon.
You visited 1 branch of the dungeon, and saw 1 of its levels.

You collected 24 gold pieces.

Inventory:

Hand Weapons
 a - a +0 long sword (weapon)
Armour
 b - a +0 scale mail (worn)
 c - a +0 buckler (worn)
Potions
 d - a potion of might
 e - a potion of heal wounds {unknown}
 f - a potion of flight {unknown}


   Skills:
 + Level 3.8 Fighting
 * Level 3.0 Long Blades
 * Level 4.0 Armour
 + Level 3.9 Shields


You had one spell level left.
You didn't know any spells.
Your spell library was empty.

Dungeon Overview and Level Annotations

Branches:
Dungeon (1/15)

Altars:


Innate Abilities, Weirdness & Mutations

You have a pair of horns on your head.
You reflexively headbutt those who attack you in melee.


Message History

A nearby plant withers and dies.
The endoplasm hits you.
The endoplasm hits you but does no damage.
The endoplasm barely misses you.
You hit the plant.
The plant begins to die.
The plant is lightly damaged.
You block the endoplasm's attack.
You slash the plant!
The plant is lightly damaged.
The endoplasm freezes you.
You are frozen.
The endoplasm freezes you.
You are frozen.
You slash the plant!
The plant is lightly damaged.
The endoplasm freezes you.
You are frozen.
* * * LOW HITPOINT WARNING * * *
You slash the plant! You headbutt the plant!
The plant is lightly damaged.
A nearby plant withers and dies.
The endoplasm freezes you.
You are frozen.
* * * LOW HITPOINT WARNING * * *
The endoplasm attacks as you move away! The endoplasm barely misses you.
The endoplasm attacks as you move away! The endoplasm hits you.
* * * LOW HITPOINT WARNING * * *
The endoplasm attacks as you move away! You block the endoplasm's attack.
The endoplasm attacks as you move away! The endoplasm hits you.
* * * LOW HITPOINT WARNING * * *
A bat comes into view.
You hit the endoplasm.
The endoplasm is severely wounded.
You block the bat's attack.
The bat hits the plant.
The plant begins to die.
The endoplasm freezes you.
You are frozen.
* * * LOW HITPOINT WARNING * * *
You block the bat's attack. The endoplasm freezes you.
You are frozen.
You die...

.P .♣♣♣...♣♣♣P..♣♣♣...♣
.PP.......P.........
...................
P.P..P............
♣...♣ ♣P.P♣ ♣P.P♣ #.
♣..P♣ ♣...♣ ♣P..♣
#..P♣♣♣P.P♣♣♣...♣♣♣...♣
#...Pb@J...............
#......................
#...........#.####.....
###########...# #>####
#.### #.# #.# #.# ##
#..#####.###)
##...........
#.##...###


You could see an endoplasm and a bat.

Vanquished Creatures
  2 dart slugs (D:1)
  3 ball pythons (D:1)
  3 endoplasms (D:1)
  2 giant cockroaches (D:1)
  A goblin (D:1)
  A kobold (D:1)
  A bat (D:1)
  2 frilled lizards (D:1)
  A rat (D:1)
16 creatures vanquished.

Vanquished Creatures (others)
  8 plants (D:1)
8 creatures vanquished.

Grand Total: 24 creatures vanquished

Notes
Turn   | Place    | Note
-------+----------+-------------------------------------------
     0 | D:1      | hwolsky the Minotaur Fighter began the quest for the Orb.
     0 | D:1      | Reached XP level 1. HP: 19/19 MP: 0/0
    51 | D:1      | Found a faded altar of an unknown god.
   263 | D:1      | Reached XP level 2. HP: 25/27 MP: 1/1
   375 | D:1      | Reached skill level 4 in Armour
   463 | D:1      | Frozen to death by an endoplasm

Illustrated notes

Levels and vault maps discovered:
D:1:      dpeg_arrival_court, layout_loops_corners,
          ebering_ecumenical_altar_mist, kennysheep_boxes

Skill      XL: |  1  2 |
---------------+-------+-----
Long Blades    | 3 |  3.0
Armour         | 4 |  4.0
Fighting       | |  3.8
Shields        | |  3.9

Action                     || total
---------------------------++-------
  Melee: Long sword        ||    66
         Headbutt          ||    19
 Armour: Scale mail        ||    20
  Dodge: Dodged            ||    12
  Block: Buckler           ||    15

Table legend: (Time is in decaauts)
 A = Elapsed time spent in this place.
 B = Non-inter-level travel time spent in this place.
 C = Inter-level travel time spent in this place.
 D = Time resting spent in this place.
 E = Time spent auto-exploring this place.
 F = Levels seen in this place.
 G = Mean time per level.
                   A        B        C        D        E       F      G
               +--------+--------+--------+--------+--------+-----+--------+
         Total |    482 |    482 |      0 |      0 |    254 |   1 |  482.0 |
       Dungeon |    482 |    482 |      0 |      0 |    254 |   1 |  482.0 |
               +--------+--------+--------+--------+--------+-----+--------+

Top non-repeatable levels by time:
     D:1: 482 daAuts
